 Dungeon Crawl Stone Soup version 0.31-a0-102-g33a4ccc0cb (webtiles) character file.

Game seed: 10753292506556385233

5896 dracfodder the Geomancer (level 10, 0/52 HPs)
             Began as a Gargoyle Earth Elementalist on May 22, 2023.
             Was a Believer of Vehumet.
             Slain by a catoblepas (20 damage)
             ... on level 1 of the Lair of Beasts on May 26, 2023.
             The game lasted 01:11:15 (11514 turns).

dracfodder the Geomancer (GrEE)                    Turns: 11514, Time: 01:11:16

Health: 0/52       AC: 14    Str: 15 (16) XL:     10   Next: 82%
Magic:  3/23       EV: 17    Int: 17 (19) God:    Vehumet [**....]
Gold:   76         SH:  0    Dex:  7 (10) Spells: 9/27 levels left

rFire   . . .        c - +2 halberd
rCold   . . .        (shield currently unavailable)
rNeg    + . .        o - +2 robe {Will+}
rPois   ∞            (no helmet)
rElec   +            s - +0 cloak
rCorr   .            a - +0 pair of gloves "Zausayc" {Str+3}
SInv    .            t - +0 pair of boots
Will    +....        p - amulet of regeneration
Stlth   +++          g - +5 ring of evasion
HPRegen 1.08/turn    (no ring)
MPRegen 0.18/turn

%: no passive effects
@: marked, on blink cooldown, very slightly contaminated
A: sickness immunity, AC +7, negative energy resistance 1, electricity
resistance, torment resistance 1, petrification resistance
a: Renounce Religion


You were on level 1 of the Lair of Beasts.
You worshipped Vehumet.
Vehumet was pleased with you.
You visited 3 branches of the dungeon, and saw 11 of its levels.

You collected 531 gold pieces.
You spent 455 gold pieces at shops.

Inventory:

Hand Weapons
 c - a +2 halberd (weapon)
 A - the +6 dagger of Defence by Offence {freeze, *Rage Dex+5}
   (You found it on level 7 of the Dungeon)

   Dex:       It affects your dexterity (+5).
   *Rage:     It berserks you when you make melee attacks (+20% chance).
Missiles
 f - 2 throwing nets
 i - 6 boomerangs
Armour
 a - the +0 pair of gloves "Zausayc" (worn) {Str+3}
   (You found it on level 5 of the Dungeon)

   Str:       It affects your strength (+3).
 o - a +2 robe of willpower (worn)
 s - a +0 cloak (worn)
 t - a +0 pair of boots (worn)
 z - +0 steam dragon scales
Jewellery
 e - a ring of ice
 g - a +5 ring of evasion (left hand)
 p - an amulet of regeneration (around neck)
Wands
 n - a wand of iceblast (10)
 y - a wand of polymorph (9)
 C - a wand of light (9)
Scrolls
 u - a scroll of magic mapping
 v - a scroll of fear
Potions
 b - 4 potions of magic
 d - 6 potions of might
 h - a potion of curing
 j - 2 potions of lignification
 k - a potion of resistance
 l - a potion of heal wounds
 m - a potion of ambrosia {unknown}
 w - 2 potions of haste


   Skills:
 + Level 1.5 Fighting
 + Level 1.9 Polearms
 + Level 0.7 Throwing
 + Level 4.1 Dodging
 + Level 6.5 Stealth
 + Level 9.1 Spellcasting
 + Level 4.9 Conjurations
 + Level 0.1 Translocations
 + Level 1.0 Transmutations
 + Level 2.3 Air Magic
 + Level 9.2 Earth Magic
 + Level 2.2 Poison Magic
 + Level 2.8 Evocations


You had 9 spell levels left.
You knew the following spells:

 Your Spells              Type           Power      Damage    Failure   Level
a - Sandblast             Erth           78%        2d17      1%          1
b - Stone Arrow           Conj/Erth      56%        3d10      2%          3
c - Poisonous Vapours     Pois/Air       22%        N/A       9%          2
d - Passwall              Tmut/Erth      17%        N/A       2%          2
e - Petrify               Tmut/Erth      21%        N/A       19%         4
f - Shock                 Conj/Air       64%        1d7       3%          1
g - Mephitic Cloud        Conj/Pois/Air  13%        N/A       14%         3
h - Blink                 Tloc           16%        N/A       13%         2

Your spell library contained the following spells:

 Spells                   Type           Power      Damage    Failure   Level
 Foxfire                  Conj/Fire      48%        2x1d6     5%          1
 Sting                    Tmut/Pois      36%        1d4       8%          1
 Necrotise                Necr           28%        1d5       10%         1
 Tukima's Dance           Hex            7%         N/A       28%         3
 Vampiric Draining        Necr           7%         2d6       28%         3
 Olgreb's Toxic Radiance  Pois           15%        N/A       36%         4
 Portal Projectile        Hex/Tloc       8%         N/A       41%         3
 Manifold Assault         Tloc           8%         N/A       65%         4
 Blade Hands              Tmut           5%         N/A       86%         5
 Freezing Cloud           Conj/Ice/Air   5%         6-21      87%         5
 Agony                    Necr           7%         N/A       95%         5
 Storm Form               Tmut/Air       4%         N/A       100%        7


Dungeon Overview and Level Annotations

Branches:
Dungeon (9/15)             Temple (1/1) D:4            Lair (1/5) D:8
    Orc: D:9-12

Altars:
Ashenzari
Cheibriados
Dithmenos
Elyvilon
Fedhas
Gozag
Hepliaklqana
Kikubaaqudgha
Makhleb
Nemelex Xobeh
Okawaru
Qazlal
Ru
Sif Muna
Trog
Uskayaw
Vehumet
Wu Jian
Xom
Yredelemnul
The Shining One

Shops:
D:5 ?


Innate Abilities, Weirdness & Mutations

You are immune to sickness and miasma.
Your stone body is resilient. (AC +7)
You are immune to poison.
You resist negative energy. (rN+)
You are resistant to electric shocks. (rElec)
You are resistant to unholy torment.
You are immune to petrification.


Message History

Confirm with . or Enter, or press ? or * to list all spells.
Aiming: Stone Arrow (dangerous; 2% risk of failure)
Press: ? - help, Shift-Dir - straight line, f/p - blink frog
Aim: a blink frog (50% to hit)
The stone arrow hits the catoblepas!
The catoblepas is heavily wounded.
A water moccasin comes into view.
A blink frog comes into view.
The catoblepas gores you!!
A water moccasin and a blink frog come into view.
Okay, then.
Casting: Stone Arrow (dangerous; 2% risk of failure)
Confirm with . or Enter, or press ? or * to list all spells.
You blink.
The catoblepas breathes a plume of calcifying dust at you.
The blast of calcifying dust hits the blink frog!
The blast of calcifying dust hits you.
The blink frog blinks!
The water moccasin moves out of view.
The blink frog moves out of view.
A blink frog comes into view.
The blink frog is engulfed in calcifying dust.
The blink frog is moving more slowly.
The blink frog hits you but does no damage.
The blink frog blinks!
The blink frog is engulfed in calcifying dust.
The blink frog stops moving altogether!
The blink frog moves out of view.
A blink frog comes into view.
The blink frog is engulfed in calcifying dust. x2
The blink frog stops moving altogether!
The blink frog is engulfed in calcifying dust. x2
The water moccasin stops moving altogether!
The blink frog is engulfed in calcifying dust. x2
The water moccasin bites something!
The water moccasin poisons something!
The blink frog is engulfed in calcifying dust. x2
A bullfrog comes into view.
The blink frog is engulfed in calcifying dust.
A wolf comes into view.
The blink frog is engulfed in calcifying dust.
The blink frog hits the fungus!
The water moccasin bites the fungus.
The blink frog is engulfed in calcifying dust. x2
The catoblepas gores you!!
You die...

#.# #.## #. #h# #..# #..
##F# #.## #... #PS# ##.#
#...#######S#####..#
#.........§........#
.........F.........#####
........F.Y..F..F........
.......§...@F............
......§..................
.........................
#######.##########.###.##
### ## ##


You could see a catoblepas, 5 blink frogs, 2 water moccasins, a wolf and a
bullfrog.

Vanquished Creatures
  A two-headed ogre (D:8)
  Pikel (D:9)
  Psyche (D:8)
  A komodo dragon (D:8)
  Prince Ribbit (D:6)
  Grinder (D:5)
  A wyvern (D:6)
  4 yaks (D:8)
  2 steam dragons (D:8)
  A basilisk (Lair:1)
  Menkaure (D:4)
  A water moccasin (D:7)
  Duvessa (D:5)
  A swamp drake (D:8)
  2 black bears
  4 ice beasts
  2 ogres
  A centaur (D:6)
  A phantom (D:4)
  2 kobold brigands
  3 bullfrogs
  3 scorpions
  Dowan (D:5)
  6 killer bees (D:7)
  2 howler monkeys (D:7)
  2 jellies
  An orc priest (D:7)
  A gnoll bouda (D:8)
  4 hounds
  Crazy Yiuf (D:7)
  An orc wizard (D:7)
  Ijyb (D:5)
  7 iguanas
  8 gnolls
  5 adders
  3 white imps
  2 ufetubi (D:6)
  3 worms
  A dart slug (D:5)
  9 orcs
  5 bats
  6 endoplasms
  2 giant cockroaches
  4 goblins
  6 hobgoblins
  5 jackals
  4 quokkas
  4 ball pythons
  12 frilled lizards
  28 kobolds
  3 rats
173 creatures vanquished.

Notes
Turn   | Place    | Note
-------+----------+-------------------------------------------
     0 | D:1      | dracfodder the Gargoyle Earth Elementalist began the quest
                  | for the Orb.
     0 | D:1      | Reached XP level 1. HP: 10/10 MP: 3/3
   159 | D:1      | Reached XP level 2. HP: 15/15 MP: 3/5
  1248 | D:2      | Reached XP level 3. HP: 19/19 MP: 1/6
  2445 | D:3      | Learned a level 3 spell: Stone Arrow
  2584 | D:3      | Reached skill level 5 in Earth Magic
  2584 | D:3      | Reached XP level 4. HP: 8/24 MP: 4/8
  2668 | D:3      | Learned a level 2 spell: Poisonous Vapours
  3189 | D:3      | Found an opulent altar of Gozag.
  3189 | D:3      | Found a stormy altar of Qazlal.
  3408 | D:4      | Noticed Menkaure
  3413 | D:4      | Killed Menkaure
  3414 | D:4      | Reached XP level 5. HP: 28/28 MP: 4/10
  3416 | D:4      | Reached XP level 6. HP: 32/32 MP: 3/11
  3773 | D:4      | Learned a level 2 spell: Passwall
  3820 | D:4      | Reached skill level 1 in Poison Magic
  3892 | D:4      | Found an iron altar of Okawaru.
  4140 | D:4      | Reached XP level 7. HP: 23/36 MP: 1/13
  4264 | D:4      | Found a staircase to the Ecumenical Temple.
  4271 | Temple   | Entered the Ecumenical Temple
  4279 | Temple   | Became a worshipper of Vehumet
  4512 | D:4      | Found a hazy altar of Hepliaklqana.
  4545 | D:4      | Found a shadowy altar of Dithmenos.
  4545 | D:4      | Noticed a shadow
  4681 | D:5      | Entered Level 5 of the Dungeon
  4735 | D:5      | Noticed Ijyb
  4741 | D:5      | Killed Ijyb
  4742 | D:5      | Reached skill level 1 in Air Magic
  4856 | D:5      | Found a blossoming altar of Fedhas.
  4900 | D:5      | Noticed Grinder
  4900 | D:5      | Paralysed by Grinder for 2 turns
  4909 | D:5      | Paralysed by Grinder for 5 turns
  4916 | D:5      | Killed Grinder
  4917 | D:5      | Reached skill level 5 in Spellcasting
  5004 | D:5      | Identified the +0 pair of gloves "Zausayc" {Str+3}
  5183 | D:5      | Reached XP level 8. HP: 42/42 MP: 4/16
  5391 | D:4      | Upgraded the game from 0.31-a0-66-ge618eeaa78 to
                  | 0.31-a0-102-g33a4ccc0cb
  5396 | D:4      | Learned a level 4 spell: Petrify
  5656 | D:5      | Noticed Duvessa
  5657 | D:5      | Noticed Dowan
  5663 | D:5      | Killed Dowan
  5664 | D:5      | Killed Duvessa
  5978 | D:5      | Found Gaemio's Magic Scroll Boutique.
  5987 | D:5      | Bought a scroll of identify for 28 gold pieces
  5987 | D:5      | Bought a scroll of poison for 56 gold pieces
  5987 | D:5      | Bought a scroll of magic mapping for 105 gold pieces
  5987 | D:5      | Bought a scroll of fear for 56 gold pieces
  6201 | D:5      | Reached skill level 1 in Conjurations
  7004 | D:6      | Reached skill level 1 in Evocations
  7071 | D:6      | Noticed Prince Ribbit
  7081 | D:6      | Killed Prince Ribbit
  7142 | D:6      | Reached * piety under Vehumet
  7142 | D:6      | Offered knowledge of Shock by Vehumet.
  7145 | D:6      | Learned a level 1 spell: Shock
  7235 | D:6      | Reached XP level 9. HP: 46/46 MP: 14/19
  8300 | D:7      | Learned a level 3 spell: Mephitic Cloud
  8543 | D:7      | Found a runed translucent door.
  8544 | D:7      | Noticed Crazy Yiuf
  8670 | D:7      | Identified the +6 dagger of Defence by Offence {freeze,
                  | *Rage Dex+5}
  9912 | D:7      | Killed Crazy Yiuf
  9976 | D:8      | Reached ** piety under Vehumet
  9977 | D:8      | Reached XP level 10. HP: 46/51 MP: 9/22
 10167 | D:8      | Reached skill level 1 in Fighting
 10193 | D:8      | Offered knowledge of Foxfire by Vehumet.
 10560 | D:8      | Noticed a two-headed ogre
 10562 | D:8      | Reached skill level 5 in Stealth
 10566 | D:8      | Killed a two-headed ogre
 10639 | D:8      | Reached skill level 1 in Polearms
 10710 | D:8      | Found a glowing golden altar of the Shining One.
 10752 | D:8      | Reached skill level 1 in Transmutations
 10800 | D:8      | Noticed Psyche
 10809 | D:8      | HP: 2/52 [something (3)]
 10817 | D:8      | Killed Psyche
 10883 | D:8      | Found a staircase to the Lair.
 11044 | D:8      | Learned a level 2 spell: Blink
 11114 | D:9      | Noticed Pikel
 11125 | D:9      | Killed Pikel
 11353 | D:5      | Bought 2 scrolls of enchant weapon for 210 gold pieces
 11473 | Lair:1   | Entered Level 1 of the Lair of Beasts
 11490 | Lair:1   | Noticed a catoblepas
 11514 | Lair:1   | Slain by a catoblepas

Illustrated notes

Levels and vault maps discovered:
D:1:      lemuel_arrival_hallway, layout_basic, columned_hall_lemuel
D:2:      layout_basic, kennysheep_generic_room_15
D:3:      layout_basic, nicolae_overflow_two_pavilions,
          nicolae_elevator_lobby_asterisk
D:4:      layout_rooms, riverfiend_overflow_shadow_ancestor,
          mainiacjoe_overflow_tiny_flanked, minmay_temple_entry_nine_rooms,
          uniq_menkaure
D:5:      kennysheep_kobold_camp, layout_layer_cave,
          mainiacjoe_overflow_boulevard, serial_shops, shop, uniq_ijyb,
          uniq_grinder, uniq_duvessa
D:6:      layout_loops_ring, minivault_27, minmay_lizard_king,
          uniq_prince_ribbit1
D:7:      layout_loops_corners, uniq_crazy_yiuf_cottage
D:8:      layout_rooms, mainiacjoe_overflow_alcove_1, david_lair_shrubbed,
          uniq_psyche
D:9:      layout_gridville, zin_angel, uniq_pikel
Temple:   eino_temple_lava
Lair:1:   layout_chaotic_city, lemuel_fruit_tree, grunt_megastairs_2, uniq_grum

Skill      XL: |  1  2  3  4  5  6  7  8  9 10 |
---------------+-------------------------------+-----
Earth Magic    | 4 5 6 7 8 9 |  9.2
Spellcasting   | 3 4 5 6 8 9 |  9.1
Dodging        | 2 3 4 |  4.1
Poison Magic   | 1 2 |  2.2
Air Magic      | 1 2 |  2.3
Stealth        | 3 4 6 |  6.5
Conjurations   | 2 4 |  4.9
Evocations     | 2 |  2.8
Fighting       | 1 |  1.5
Polearms       | 1 |  1.9
Transmutations | 1 |  1.0
Throwing       | |  0.7
Translocations | |  0.1

Action                     |  1- 3 |  4- 6 |  7- 9 | 10-12 || total
---------------------------+-------+-------+-------+-------++-------
  Melee: Spear             |    11 |       |    47 |    16 ||    74
         Halberd           |       |       |       |    18 ||    18
  Throw: Boomerang         |       |     7 |     4 |       ||    11
         Throwing net      |       |     1 |       |       ||     1
   Cast: Sandblast         |    50 |    44 |    68 |    27 ||   189
         Poisonous Vapours |       |    13 |    15 |       ||    28
         Stone Arrow       |       |     5 |    70 |    16 ||    91
         Shock             |       |       |    42 |    29 ||    71
         Mephitic Cloud    |       |       |     3 |     2 ||     5
         Petrify           |       |       |     2 |     3 ||     5
         Blink             |       |       |       |     4 ||     4
  Evoke: Wand              |       |       |    21 |     9 ||    30
    Use: Scroll            |     6 |     1 |     6 |     4 ||    17
         Potion            |     3 |       |       |     7 ||    10
   Stab: Petrified         |       |       |       |    17 ||    17
         Petrifying        |       |       |       |     1 ||     1
 Armour: Robe              |     4 |     7 |    18 |    15 ||    44
  Dodge: Dodged            |    33 |    21 |    96 |    37 ||   187

Table legend: (Time is in decaauts)
 A = Elapsed time spent in this place.
 B = Non-inter-level travel time spent in this place.
 C = Inter-level travel time spent in this place.
 D = Time resting spent in this place.
 E = Time spent auto-exploring this place.
 F = Levels seen in this place.
 G = Mean time per level.
                   A        B        C        D        E       F      G
               +--------+--------+--------+--------+--------+-----+--------+
         Total |  11632 |  10916 |    716 |   2770 |   6746 |  11 | 1057.5 |
       Dungeon |  11529 |  10819 |    710 |   2770 |   6692 |   9 | 1281.0 |
        Temple |     61 |     55 |      6 |      0 |     40 |   1 |   61.0 |
          Lair |     41 |     41 |      0 |      0 |     14 |   1 |   41.0 |
               +--------+--------+--------+--------+--------+-----+--------+

Top non-repeatable levels by time:
     D:5: 2366 daAuts
     D:7: 1832 daAuts
     D:2: 1564 daAuts
     D:6: 1354 daAuts
     D:4: 1277 daAuts
     D:8: 1094 daAuts
     D:3: 985 daAuts
     D:1: 883 daAuts
     D:9: 171 daAuts
  Temple: 61 daAuts
  Lair:1: 41 daAuts
